 Dungeon Crawl Stone Soup version 0.30-a0-358-g0d69a1922f (webtiles) character file.

Game seed: 11143689507501098952

40043 lesbiats the Nimble (level 13, -3/126 HPs)
             Began as a Red Draconian Conjurer on Nov 8, 2022.
             Was a Priest of Ashenzari.
             Shot with an arrow by Nessos (11 damage)
             ... while petrified by a basilisk
             ... on level 5 of the Lair of Beasts on Nov 10, 2022.
             The game lasted 01:59:32 (22769 turns).

lesbiats the Nimble (Red Draconian Conjurer)       Turns: 22769, Time: 01:59:32

Health: -3/126     AC: 14    Str:  9    XL:     13   Next: 72%
Magic:  9/31       EV:  2    Int: 24    God:    Ashenzari [***...]
Gold:   641        SH:  0    Dex: 10    Spells: 21/40 levels left

rFire   + . .      SeeInvis +    y - +8 trident of the Octopus King {venom, rElec rPois, Elem, Bglg} (curse)
rCold   . . .      Faith    .    Q - +0 kite shield of the Fated Irritation {Self, Cun} (curse)
rNeg    + + +      Spirit   .    (body armour unavailable)
rPois   ∞          Reflect  .    (helmet restricted)
rElec   +          Harm     .    (no cloak)
rCorr   .          Rampage  .    B - +0 pair of gloves
Will    .....      Clarity  +    q - +0 pair of boots "Oracle of Ashenzari" {Comp, Self} (curse)
Stlth   ++........               (no amulet)
HPRegen 0.41/turn                p - ring of Desmomancy {AC+4, Self, Cun} (curse)
MPRegen 0.22/turn                N - ring of flight

@: lethally poisoned (-3 -> -3), petrified, flying, invisible
A: breathe fire, AC +8, unfitting armour, fire resistance 1, cold-blooded
a: Breathe Fire, Renounce Religion, Curse Item, Shatter the Chains


You were on level 5 of the Lair of Beasts.
You worshipped Ashenzari.
Ashenzari was most pleased with you.
You visited 2 branches of the dungeon, and saw 16 of its levels.

You collected 901 gold pieces.
You spent 260 gold pieces at shops.

Inventory:

Hand Weapons
 r - a +1 trident of venom
 y - the cursed +8 trident of the Octopus King (weapon) {venom, rElec rPois, Elem, Bglg}
   (You found it on level 9 of the Dungeon)

   It poisons the flesh of those it strikes.
   rElec:     It insulates you from electricity.
   rPois:     It protects you from poison.
   It has a curse which improves the following skills: Elements: Fire Magic, Ice
   Magic, Air Magic and Earth Magic.
   Beguiling: Conjurations, Hexes and Translocations.
 H - the +4 dagger "Morg" {pain, Will+ Int+5}
   (You found it on level 6 of the Dungeon)

   In the hands of one skilled in necromantic magic, it inflicts extra damage on
   living creatures.
   Int:       It affects your intelligence (+5).
   Will:      It increases your willpower.
Missiles
 k - 44 poisoned darts
Armour
 e - an orb of light
 q - the cursed +0 pair of boots "Oracle of Ashenzari" (worn) {Comp, Self}
   (You found it on level 2 of the Dungeon)

   It has a curse which improves the following skills: Companions: Summonings
   and Necromancy.
   Introspection: Fighting and Spellcasting.
 B - a +0 pair of gloves (worn)
 D - a +0 pair of boots
 Q - the cursed +0 kite shield of the Fated Irritation (worn) {Self, Cun}
   (You found it on level 1 of the Lair of Beasts)

   It has a curse which improves the following skills: Introspection: Fighting
   and Spellcasting.
   Cunning:   Dodging and Stealth.
Jewellery
 p - the cursed ring of Desmomancy (left hand) {AC+4, Self, Cun}
   (You found it on level 3 of the Lair of Beasts)

   [ring of protection]

   AC:        It affects your AC (+4).
   It has a curse which improves the following skills: Introspection: Fighting
   and Spellcasting.
   Cunning:   Dodging and Stealth.
 K - a ring of see invisible
 N - a ring of flight (right hand)
 T - a ring of ice
Wands
 o - a wand of flame (38)
 A - a wand of roots (18)
 F - a wand of polymorph (17)
 J - a wand of acid (5)
 P - a wand of mindburst (11)
Scrolls
 g - 7 scrolls of butterflies
 h - 3 scrolls of noise
 i - 3 scrolls of enchant weapon
 j - 3 scrolls of immolation
 l - 2 scrolls of torment
 m - 5 scrolls of teleportation
 s - 8 scrolls of identify
 t - a scroll of enchant armour
 u - 2 scrolls of vulnerability
 v - 2 scrolls of amnesia
 L - 3 scrolls of poison
 M - 2 scrolls of fear
 R - 2 scrolls of magic mapping
 S - 2 scrolls of blinking
 U - a scroll of silence
 W - a scroll of brand weapon
Potions
 a - 2 potions of magic
 b - 6 potions of attraction
 c - 5 potions of brilliance
 d - 4 potions of lignification
 f - 4 potions of haste
 n - 5 potions of berserk rage
 w - 2 potions of cancellation
 x - a potion of heal wounds
 z - 2 potions of mutation
 C - 5 potions of might
 E - a potion of resistance
 I - a potion of flight
 O - 5 potions of ambrosia
 Y - a potion of curing
Miscellaneous
 V - a lightning rod (4/4)
 X - a lightning rod (4/4)


   Skills:
 + Level 11.8(15.0) Fighting
 + Level 11.9(14.3) Dodging
 - Level 1.7(3.4) Stealth
 + Level 5.8 Shields
 + Level 11.2(14.4) Spellcasting
 - Level 8.0(9.7) Conjurations
 - Level 3.5(5.0) Hexes
 - Level 2.0(3.2) Translocations
 + Level 7.7 Evocations


You had 21 spell levels left.
You knew the following spells:

 Your Spells              Type           Power      Damage    Failure   Level
a - Magic Dart            Conj           100%       1d8       1%          1
b - Iskenderun's Mystic   Conj/Tloc      48%        2d11      6%          4
c - Fulminant Prism       Conj/Hex       25%        3d14      4%          4
d - Blink                 Tloc           66%        N/A       3%          2
e - Tukima's Dance        Hex            41%        N/A       3%          3
g - Gell's Gravitas       Tloc           33%        N/A       7%          3
r - Searing Ray           Conj           100%       2d8       1%          2

Your spell library contained the following spells:

 Spells                   Type           Power      Damage    Failure   Level
 Momentum Strike          Conj/Tloc      96%        3d10      1%          2
 Dazzling Flash           Conj/Hex       100%       N/A       1%          3
 Portal Projectile        Hex/Tloc       74%        N/A       4%          3
 Lesser Beckoning         Tloc           66%        N/A       7%          3
 Teleport Other           Tloc           33%        N/A       7%          3
 Necrotise                Necr           72%        1d7       9%          1
 Ozocubu's Armour         Ice            18%        N/A       26%         3
 Vampiric Draining        Necr           18%        2d7       26%         3
 Summon Mana Viper        Hex/Summ       29%        N/A       65%         5
 Summon Forest            Summ/Tloc      12%        N/A       77%         5
 Agony                    Necr           18%        N/A       93%         5
 Blade Hands              Tmut           8%         N/A       94%         5
 Summon Cactus Giant      Summ           9%         N/A       100%        6
 Ozocubu's Refrigeration  Ice            9%         4d9       100%        7


Dungeon Overview and Level Annotations

Branches:
Dungeon (11/15)            Temple (0/1) D:6            Lair (5/5) D:10
  Swamp (0/4) Lair:2        Snake (0/4) Lair:3        Slime (0/5) Lair:4
    Orc (0/2) D:9

Altars:
Ashenzari
Cheibriados
Dithmenos
Elyvilon
Fedhas
Hepliaklqana
Makhleb
Nemelex Xobeh
Qazlal
Sif Muna
Trog
Uskayaw
Vehumet
Wu Jian
Xom
Yredelemnul

Shops:
D:3 :   D:9 [

Annotations:
Lair:5 Nessos


Innate Abilities, Weirdness & Mutations

You can breathe blasts of fire.
Your fiery red scales are hard. (AC +8)
You cannot fit into any form of body armour.
Your flesh is heat resistant. (rF+)
You are cold-blooded and may be slowed by cold attacks.


Message History

Your surroundings seem slightly different.
You feel stable enough to blink again.
A basilisk comes into view.
Found a stone staircase leading up.
The basilisk hisses angrily.
Nessos casts a spell.
Nessos blinks!
The basilisk gazes at you.
You are slowing down.
Nessos shoots an arrow.
The arrow hits you!
* * * LOW HITPOINT WARNING * * *
The arrow burns you.
* * * LOW HITPOINT WARNING * * *
You feel much better.
Nessos shoots an arrow.
The arrow hits you!
* * * LOW HITPOINT WARNING * * *
The arrow burns you.
You are poisoned.
Nessos shoots an arrow.
The arrow hits you!
* * * LOW HITPOINT WARNING * * *
The arrow burns you.
You are lethally poisoned!
* * * LOW HITPOINT WARNING * * *
Your limbs are stiffening.
You fade into invisibility!
* * * LOW HITPOINT WARNING * * *
You feel extremely sick.
Nessos gestures wildly while chanting.
Nessos shoots an arrow.
The arrow hits the wolf!
The arrow burns the wolf.
You block the wolf's attack.
Nessos shoots an arrow.
The arrow completely misses the wolf.
The arrow hits you!
* * * LOW HITPOINT WARNING * * *
The arrow burns you.
You are more poisoned.
* * * LOW HITPOINT WARNING * * *
The wolf closely misses you.
Nessos shoots an arrow.
The arrow hits the wolf!
The arrow burns the wolf.
The wolf dies!
You have turned to stone.
Nessos shoots an arrow.
The arrow hits you!!
You die...

,.........#..#.. , *
* #.#.......#*.## *
*#....?h#### *
###..c..# #...hh##
#.....{######
#......#.#..####* *
#........#.#.#.#.###.
##.......h...@...l..<
#........Schh##.#...
##...?....#.## * * *
##...#..#### * *
#...#### * ####*


You could see Nessos (fast, unable to see you), a black mamba (unable to see
you), a basilisk (unable to see you) and 3 wolves.

Vanquished Creatures
  4 hydras
  A centaur warrior (D:11)
  A two-headed ogre (D:9)
  A deep elf pyromancer (D:11)
  A lindwurm (Lair:4)
  16 elephants
  4 black mambas
  An eye of devastation (Lair:4)
  13 cane toads
  An unseen horror (D:11)
  A kobold demonologist (D:9)
  3 rime drakes
  12 komodo dragons
  A polar bear (Lair:4)
  A hornet (D:9)
  Grinder (D:5)
  A queen bee (Lair:1)
  12 blink frogs
  A slime creature (D:11)
  2 shadows (D:11)
  A vampire (D:11)
  5 wyverns
  43 yaks
  2 basilisks
  Edmund (D:4)
  2 nagas (Lair:3)
  An acid dragon (D:10)
  13 water moccasins
  A floating eye (Lair:4)
  An orc warrior (D:10)
  A sky beast (D:7)
  5 black bears (Lair:3)
  2 ice beasts
  15 wolves
  5 centaurs
  A phantom (D:6)
  4 kobold brigands
  16 bullfrogs
  3 necrophages
  3 scorpions
  20 wights
  33 killer bees
  3 howler monkeys
  A spectral bullfrog (D:6)
  A crimson imp (D:7)
  4 hounds
  A jelly (D:7)
  4 gnoll boudas
  3 orc priests (D:5)
  A centaur skeleton (D:6)
  A bullfrog skeleton (D:6)
  Jessica (D:2)
  Ijyb (D:4)
  Natasha (thrice) (D:2)
  8 iguanas
  4 orc wizards
  A bullfrog simulacrum (D:6)
  Robin (D:2)
  7 adders
  14 gnolls
  A white imp (D:6)
  2 ufetubi
  3 dart slugs
  17 orcs
  6 ball pythons
  6 endoplasms
  2 giant cockroaches
  13 goblins
  11 hobgoblins
  5 jackals
  26 kobolds
  4 quokkas
  6 bats
  8 rats
425 creatures vanquished.

Vanquished Creatures (others)
  A wolf (Lair:5)
  94 fulminant prisms
  26 fungi
  36 plants
  19 withered plants (D:6)
176 creatures vanquished.

Grand Total: 601 creatures vanquished

Notes
Turn   | Place    | Note
-------+----------+-------------------------------------------
     0 | D:1      | lesbiats the Draconian Conjurer began the quest for the
                  | Orb.
     0 | D:1      | Reached XP level 1. HP: 14/14 MP: 3/3
   354 | D:1      | Reached XP level 2. HP: 22/22 MP: 1/5
   583 | D:1      | Reached skill level 1 in Fighting
   610 | D:1      | Learned a level 2 spell: Searing Ray
  1434 | D:2      | Reached XP level 3. HP: 22/28 MP: 1/6
  1577 | D:2      | Upgraded the game from 0.30-a0-354-g6b83867211 to
                  | 0.30-a0-358-g0d69a1922f
  1584 | D:2      | Noticed Robin
  1712 | D:2      | Killed Robin
  2186 | D:2      | Noticed Jessica
  2190 | D:2      | Killed Jessica
  2191 | D:2      | Reached skill level 5 in Conjurations
  2191 | D:2      | Reached XP level 4. HP: 34/36 MP: 6/8
  2241 | D:2      | Noticed Natasha
  2246 | D:2      | Killed Natasha
  2671 | D:3      | Found a broken altar of Ashenzari.
  2673 | D:3      | Found a radiant altar of Vehumet.
  2681 | D:3      | Became a worshipper of Ashenzari the Shackled
  2745 | D:3      | Found a white marble altar of Elyvilon.
  2776 | D:3      | Reached XP level 5. HP: 30/41 MP: 7/9
  2914 | D:3      | Found Abepobec's Book Emporium.
  3030 | D:3      | Found a shimmering altar of Xom.
  3496 | D:2      | Noticed Natasha
  3500 | D:2      | Killed Natasha
  3725 | D:2      | Noticed Natasha
  3729 | D:2      | Killed Natasha
  3730 | D:2      | Reached XP level 6. HP: 51/51 MP: 4/11
  3987 | D:4      | Noticed Edmund
  4026 | D:4      | Killed Edmund
  4311 | D:4      | Noticed Ijyb
  4320 | D:4      | Killed Ijyb
  4668 | D:4      | Your scales start taking on a fiery red colour.
  4668 | D:4      | Reached XP level 7. HP: 48/58 MP: 10/12
  4668 | D:4      | Gained mutation: Your flesh is heat resistant. (rF+) [Red
                  | Draconian growth]
  4701 | D:4      | Reached * piety under Ashenzari
  5368 | D:5      | Entered Level 5 of the Dungeon
  6117 | D:5      | Found a hazy altar of Hepliaklqana.
  6118 | D:5      | Found a hide-covered altar of Uskayaw.
  6119 | D:5      | Found a basalt altar of Yredelemnul.
  6120 | D:5      | Found a bloodstained altar of Trog.
  6200 | D:5      | Found a snail-covered altar of Cheibriados.
  6309 | D:5      | Noticed Grinder
  6316 | D:5      | Killed Grinder
  6317 | D:5      | Reached skill level 5 in Fighting
  6317 | D:5      | Reached XP level 8. HP: 70/70 MP: 11/16
  6363 | D:5      | Found a shadowy altar of Dithmenos.
  6587 | D:5      | Found a shimmering blue altar of Sif Muna.
  6753 | D:6      | Learned a level 4 spell: Fulminant Prism
  6758 | D:6      | Learned a level 4 spell: Iskenderun's Mystic Blast
  6762 | D:6      | Learned a level 3 spell: Gell's Gravitas
  6766 | D:6      | Learned a level 3 spell: Tukima's Dance
  6841 | D:6      | You fall into a shaft and drop 3 floors!
  6898 | D:9      | Found the +8 trident of the Octopus King {venom, rElec
                  | rPois}
  7244 | D:7      | Reached skill level 5 in Spellcasting
  7265 | D:7      | Reached skill level 1 in Hexes
  7327 | D:6      | Found the +4 dagger "Morg" {pain, Will+ Int+5}
  7748 | D:6      | Reached XP level 9. HP: 78/78 MP: 5/17
  7945 | D:6      | Found a staircase to the Ecumenical Temple.
  8385 | D:7      | Reached skill level 5 in Dodging
  8919 | D:7      | Found a burning altar of Makhleb.
  9437 | D:3      | Bought a book of Spatial Translocations for 260 gold pieces
  9440 | D:3      | Learned a level 2 spell: Blink
  9604 | D:8      | Reached skill level 1 in Translocations
  9717 | D:8      | Reached XP level 10. HP: 80/88 MP: 15/21
 10204 | D:8      | Found a sparkling altar of Nemelex Xobeh.
 10813 | D:9      | Noticed a two-headed ogre
 10824 | D:9      | Killed a two-headed ogre
 10938 | D:9      | Found a staircase to the Orcish Mines.
 11185 | D:9      | Found an ornate altar of the Wu Jian Council.
 11222 | D:9      | Found Qihibun's Antique Armour Shop.
 11599 | D:10     | Entered Level 10 of the Dungeon
 11730 | D:10     | Found a staircase to the Lair.
 12254 | D:10     | Found a stormy altar of Qazlal.
 12492 | D:11     | Reached XP level 11. HP: 97/97 MP: 18/24
 12778 | D:11     | Noticed a centaur warrior
 12778 | D:11     | Noticed a deep elf pyromancer
 12778 | D:11     | Noticed a fire giant
 12778 | D:11     | Noticed a hell knight
 12780 | D:11     | Killed a centaur warrior
 12780 | D:11     | Killed a deep elf pyromancer
 13144 | Lair:1   | Entered Level 1 of the Lair of Beasts
 13278 | Lair:1   | Found a blossoming altar of Fedhas.
 14257 | Lair:1   | Reached skill level 10 in Dodging
 14261 | Lair:1   | Reached XP level 12. HP: 102/108 MP: 6/26
 14540 | Lair:1   | Reached skill level 10 in Fighting
 15390 | Lair:2   | Reached skill level 1 in Shields
 15390 | Lair:2   | Reached skill level 10 in Spellcasting
 15591 | Lair:2   | Reached skill level 5 in Evocations
 16016 | Lair:2   | Found a staircase to the Swamp.
 17158 | Lair:3   | Reached ** piety under Ashenzari
 17342 | Lair:3   | Noticed a four-headed hydra
 17351 | Lair:3   | Killed a four-headed hydra
 17363 | Lair:3   | Identified the +3 leather armour of the Game of Kings
                  | {rPois rF+ rC+}
 17370 | Lair:3   | Found a staircase to the Snake Pit.
 18429 | Lair:3   | Identified the +0 ring mail of the Lair of Beasts {Will+}
 18442 | Lair:3   | Noticed a five-headed hydra
 18456 | Lair:3   | Killed a five-headed hydra
 18456 | Lair:3   | Noticed a six-headed hydra
 18469 | Lair:3   | Killed a six-headed hydra
 18470 | Lair:3   | Reached XP level 13. HP: 114/119 MP: 1/29
 19093 | Lair:4   | Found a staircase to the Slime Pits.
 20647 | Lair:4   | Reached skill level 5 in Shields
 21226 | Lair:4   | Reached *** piety under Ashenzari
 22367 | Lair:5   | Entered Level 5 of the Lair of Beasts
 22752 | Lair:5   | Noticed Nessos
 22769 | Lair:5   | Shot with an arrow by Nessos

Illustrated notes

Levels and vault maps discovered:
D:1:      psy_arrival_dodecagon, layout_loops_corners
D:2:      layout_basic, minmay_pentomino_v2, uniq_jessica, uniq_robin,
          uniq_natasha
D:3:      layout_loops_ring, grunt_temple_overflow_open,
          nicolae_elyvilon_peaceful_grove, amcnicky_altar_gilded, serial_shops,
          shop_statue
D:4:      layout_gridville, uniq_ijyb, uniq_edmund
D:5:      layout_cave_pools, mainiacjoe_overflow_alcove_4, lemuel_tele_altar,
          mainiacjoe_overflow_alcove_1, mainiacjoe_overflow_alcove_3,
          uniq_grinder
D:6:      layout_cave_pools, minmay_temple_entry_antechambers,
          serial_gnoll_camp, gnoll_camp_mini_loothouse, gnoll_camp_mini_hut,
          gnoll_camp_mini_hut, gnoll_camp_mini_basic, dilly_guarded_unrand_morg
D:7:      layout_basic, makhleb_grotto_becter, serial_rivers,
          chequers_serial_rivers_small_3, chequers_serial_rivers_micro_c,
          chequers_serial_rivers_small_a, chequers_serial_rivers_room_a,
          hangedman_decor_points
D:8:      layout_rooms, marbit_many_paths, chequers_serial_rivers_large_a
D:9:      layout_stronghold, mainiacjoe_overflow_brackets, orc_0_dummy,
          kennysheep_small_square
D:10:     layout_rooms, nicolae_qazlal_general_emergency, lair_entry_dummy
D:11:     minmay_smoke_and_mirrors, layout_cave_pools, wad_scary_box
Lair:1:   layout_layer_cave, special_room [special_room_bee],
          chequers_serial_rivers_marsh, lemuel_altar_in_water2
Lair:2:   layout_misc_corridors, minmay_swamp_entry_reptiles, st_stairs_6,
          grunt_megastairs_4
Lair:3:   layout_cave_pods, minmay_snake_entry_guardpost_medium, st_stairs_13,
          nicolae_lair_grove_arrangements, beast_lair_carwin_4
Lair:4:   cheibrodos_lair_river_kwai, layout_hall_layers,
          minmay_slime_entry_eyes, grunt_megastairs_1
Lair:5:   grunt_lair_end_beastmaster, layout_layer_cave, serial_bayou_pond_d,
          uniq_nessos

Skill      XL: |  1  2  3  4  5  6  7  8  9 10 11 12 13 |
---------------+----------------------------------------+-----
Fighting       | 1 2 3 5 6 7 8 9 10 11 | 11.8
Conjurations   | 5 6 8 |  8.0
Spellcasting   | 3 4 5 7 8 9 10 11 | 11.2
Dodging        | 4 6 8 10 11 | 11.9
Hexes          | 2 3 |  3.5
Translocations | 1 2 |  2.0
Evocations     | 4 6 7 |  7.7
Shields        | 3 5 |  5.8
Stealth        | |  1.7

Action                   |  1- 3 |  4- 6 |  7- 9 | 10-12 | 13-15 || total
-------------------------+-------+-------+-------+-------+-------++-------
Melee: Tailslap          |     5 |    15 |    22 |    47 |    42 ||   131
       Unarmed           |     1 |       |       |       |       ||     1
       Dagger            |    33 |       |       |       |       ||    33
       Trident           |     3 |    88 |   152 |   226 |   164 ||   633
Throw: Dart              |       |       |       |     4 |       ||     4
 Cast: Magic Dart        |    64 |    39 |   104 |   125 |    24 ||   356
       Searing Ray       |     3 |     3 |     5 |     9 |       ||    20
       Fulminant Prism   |       |       |    16 |    56 |    22 ||    94
       Iskenderun's Myst |       |       |       |    55 |    38 ||    93
       Tukima's Dance    |       |       |       |     1 |       ||     1
       Blink             |       |       |       |     1 |     2 ||     3
Invok: Curse Item        |       |     1 |     2 |     1 |     1 ||     5
       Shatter the Chain |       |       |     1 |       |       ||     1
 Abil: Breathe Fire      |       |       |     7 |    29 |    10 ||    46
Evoke: Wand              |       |       |     1 |       |     4 ||     5
  Use: Scroll            |       |     6 |     4 |     3 |     1 ||    14
       Potion            |       |       |     4 |     5 |     3 ||    12
 Stab: Sleeping          |       |     1 |       |       |     2 ||     3
Armor: Skin              |    15 |    37 |    50 |    77 |   103 ||   282
Dodge: Dodged            |    45 |    53 |   124 |   233 |   175 ||   630
Block: Kite shield       |       |       |       |    18 |   117 ||   135

Table legend: (Time is in decaauts)
 A = Elapsed time spent in this place.
 B = Non-inter-level travel time spent in this place.
 C = Inter-level travel time spent in this place.
 D = Time resting spent in this place.
 E = Time spent auto-exploring this place.
 F = Levels seen in this place.
 G = Mean time per level.
                   A        B        C        D        E       F      G
               +--------+--------+--------+--------+--------+-----+--------+
         Total |  23023 |  20943 |   2080 |   8798 |   8443 |  16 | 1438.9 |
       Dungeon |  13352 |  11487 |   1865 |   3835 |   5264 |  11 | 1213.8 |
          Lair |   9671 |   9456 |    215 |   4963 |   3179 |   5 | 1934.2 |
               +--------+--------+--------+--------+--------+-----+--------+

Top non-repeatable levels by time:
  Lair:4: 2913 daAuts
  Lair:3: 2723 daAuts
  Lair:1: 2242 daAuts
     D:4: 1795 daAuts
  Lair:2: 1754 daAuts
     D:9: 1519 daAuts
     D:2: 1505 daAuts
     D:1: 1495 daAuts
     D:6: 1302 daAuts
     D:7: 1096 daAuts
     D:3: 1055 daAuts
     D:5: 1028 daAuts
    D:10: 1026 daAuts
     D:8: 904 daAuts
    D:11: 623 daAuts
